Map: [ESL] Gresvan

Players

Bunny

  • Race: Terran Terran
  • Spawn Location: 5:00

ByuN - Winner!

  • Race: Terran Terran
  • Spawn Location: 11:00

Event: IEM Katowice 2023

VOD

Have the link to the VOD?

Description

Time

  • Played on: Feb. 10, 2023, 12:07 p.m.
  • Length: 9:45

All games in this series

Show
View Real Time Build Order
Export as new Build Order

Bunny Terran 

Build Orders: Gas First Reaper Expand 

Get SALT Encoding   

  12  0:00  SCV  
  13  0:12  SCV  
  14  0:17  Supply Depot  
  14  0:24  SCV  
  14  0:27  Refinery  
  15  0:38  SCV  
  16  0:43  Barracks  
  16  0:51  SCV  
  17  1:03  SCV  
  18  1:15  SCV  
  19  1:30  Orbital Command, Reaper  
  20  1:41  Command Center  
  20  1:51  Factory  
  20  1:55  SCV  
  21  2:03  Supply Depot  
  21  2:06  Barracks Reactor  
  21  2:08  SCV  
  22  2:13  Marine  
  22  2:14  Refinery  
  23  2:25  SCV  
  23  2:31  Marine  
  23  2:35  Hellion  
  23  2:37  SCV  
  23  2:49  SCV  
  23  2:50  Marine  
  24  2:56  Hellion  
  26  3:01  SCV  
  24  3:08  Marine  
  22  3:17  Hellion  
  22  3:19  SCV  
  22  3:27  Marine  
  22  3:30  Command Center  
  22  3:33  SCV  
  24  3:39  Factory Tech Lab  
  24  3:45  SCV  
  26  3:57  SCV, Cyclone  
  30  4:04  Refinery  
  30  4:05  Supply Depot  
  30  4:09  SCV  
  30  4:18  Starport  
  30  4:23  SCV  
  30  4:30  Widow Mine  
  32  4:35  SCV  
  32  4:36  Barracks Tech Lab  
  33  4:43  Orbital Command  
  33  4:49  SCV  
  34  5:01  SCV  
  34  5:03  Banshee  
  34  5:06  Orbital Command  
  38  5:12  Marine  
  38  5:13  SCV  
  40  5:20  Refinery  
  40  5:26  SCV  
  41  5:30  Marine  
  41  5:31  Siege Tank, SCV  
  41  5:33  Supply Depot  
  46  5:38  SCV  
  47  5:43  SCV  
  47  5:53  SCV  
  47  5:56  SCV, Raven  
  47  6:05  SCV  
  47  6:06  Siege Tank  
  47  6:08  SCV  
  47  6:09  Marine  
  50  6:23  SCV x2  
  48  6:34  Marine  
  48  6:35  SCV x2  
  51  6:43  Refinery, Raven  
  53  6:47  SCV  
  53  6:48  SCV  
  53  6:49  Supply Depot  
  55  6:54  Command Center  
  55  6:57  Barracks Reactor  
  55  6:59  SCV  
  55  7:00  SCV  
  57  7:05  Siege Tank  
  60  7:10  Supply Depot  
  60  7:12  SCV  
  60  7:13  SCV  
  62  7:20  Raven  
  64  7:25  SCV x2  
  66  7:31  Barracks  
  66  7:33  Barracks  
  66  7:34  Marine  
  66  7:35  Marine  
  68  7:38  SCV x2  
  68  7:40  Siege Tank  
  71  7:50  SCV x2  
  73  7:53  Engineering Bay  
  73  7:54  Engineering Bay  
  73  8:02  SCV x2  
  73  8:03  Viking  
  77  8:06  Viking  
  77  8:09  Marine  
  80  8:14  SCV x2  
  80  8:18  Siege Tank  
  85  8:27  Orbital Command  
  85  8:31  SCV x2  
  85  8:32  Barracks Reactor  
  85  8:33  Barracks Reactor  
  87  8:42  Marine  
  87  8:43  SCV x2  
  87  8:46  Viking  
  87  8:47  Viking  
  93  8:56  SCV, Missile Turret  
  93  8:57  SCV  
  93  9:07  SCV  
  93  9:11  Siege Tank  
  93  9:12  Marine x2  
  93  9:13  Marine x3  
  78  9:25  Supply Depot  
  78  9:26  Supply Depot x2  
  78  9:30  SCV x3  
Show
View Real Time Build Order
Export as new Build Order

ByuN Terran - Winner!

Build Orders:  

Get SALT Encoding   

  12  0:00  SCV  
  13  0:12  Supply Depot  
  13  0:18  SCV  
  14  0:34  Barracks  
  14  0:40  Refinery  
  15  0:55  Barracks  
  14  0:59  SCV  
  15  1:12  SCV  
  16  1:24  Reaper  
  17  1:26  Orbital Command  
  17  1:33  Refinery  
  17  1:42  Reaper  
  18  1:52  SCV  
  19  1:56  Supply Depot  
  19  1:59  Reaper  
  20  2:04  SCV  
  21  2:14  Reaper  
  22  2:16  SCV  
  23  2:28  SCV  
  24  2:31  Reaper  
  25  2:39  Factory  
  25  2:40  SCV  
  26  2:46  Reaper  
  27  2:52  SCV  
  27  2:54  Supply Depot  
  28  3:03  Reaper  
  28  3:05  SCV  
  28  3:17  SCV  
  28  3:18  Reaper  
  27  3:28  Factory Tech Lab  
  27  3:34  SCV  
  27  3:36  Reaper  
  27  3:39  Command Center  
  29  3:47  Cyclone  
  33  3:48  SCV  
  33  3:57  Starport  
  33  4:00  SCV  
  34  4:05  Supply Depot  
  34  4:12  SCV  
  35  4:19  Cyclone  
  37  4:24  SCV  
  38  4:35  Medivac  
  38  4:37  SCV  
  41  4:45  Command Center  
  41  4:49  SCV  
  41  4:52  Orbital Command  
  42  4:58  Refinery  
  42  4:59  Siege Tank  
  45  5:01  SCV  
  46  5:08  Starport Tech Lab  
  46  5:14  SCV  
  46  5:20  Barracks, SCV, Barracks Reactor  
  48  5:26  SCV  
  49  5:32  SCV  
  49  5:33  Raven  
  52  5:38  SCV  
  53  5:44  SCV  
  53  5:47  Barracks  
  54  5:50  SCV  
  54  5:55  Cyclone  
  54  5:57  SCV  
  59  5:59  Supply Depot  
  59  6:03  SCV  
  60  6:08  Barracks Tech Lab, Raven  
  60  6:09  SCV  
  60  6:10  Marine x2  
  64  6:15  SCV  
  65  6:21  SCV  
  65  6:27  Marine, SCV  
  65  6:28  Marine  
  65  6:30  Marine, Stimpack  
  64  6:33  SCV  
  64  6:38  Barracks Reactor  
  64  6:39  Siege Tank, SCV  
  69  6:44  Engineering Bay, Refinery  
  69  6:45  Marine x2, Engineering Bay, SCV  
  72  6:49  Orbital Command  
  72  6:51  Marine, SCV  
  74  6:56  Starport Reactor  
  74  7:03  Marine x2  
  74  7:05  SCV  
  77  7:10  Orbital Command, Barracks  
  77  7:11  Terran Infantry Weapons Level 1  
  77  7:12  Terran Infantry Armor Level 1  
  77  7:13  Barracks  
  77  7:15  Missile Turret  
  77  7:18  SCV x2  
  77  7:21  Marine x4  
  77  7:22  Supply Depot  
  83  7:23  Marine  
  84  7:30  Supply Depot  
  84  7:34  SCV  
  85  7:44  Marine x3, Siege Tank, SCV x2  
  93  7:48  Supply Depot  
  93  7:51  Marine x2, SCV  
  93  7:53  Medivac x2  
  93  7:54  Supply Depot  
  93  7:56  SCV  
  93  7:57  SCV  
  102  8:01  Barracks Reactor x2  
  102  8:04  SCV  
  103  8:06  Marine x3, Missile Turret  
  103  8:08  SCV  
  103  8:09  Marine x2, SCV  
  103  8:11  Combat Shield, Supply Depot  
  110  8:18  Refinery x2  
  110  8:19  SCV  
  111  8:20  SCV  
  111  8:21  SCV  
  111  8:24  Marine  
  114  8:27  Marine  
  114  8:29  Siege Tank  
  114  8:31  SCV  
  114  8:32  SCV  
  114  8:33  SCV  
  120  8:36  Armory  
  120  8:40  Sensor Tower  
  120  8:43  SCV  
  120  8:44  SCV  
  120  8:45  SCV  
  123  8:53  Marine x5  
  123  8:54  Marine x3  
  131  9:03  Marine  
  131  9:08  Siege Tank  
  131  9:11  Marine x2  
  131  9:16  Marine  
  133  9:22  Marine x2  
  133  9:25  Supply Depot  
  133  9:26  Supply Depot  
  133  9:30  SCV x2  
  133  9:34  Command Center  

Tags
 
Add a new tag
Caveats
  • Supply blocks, unpowered buildings, or Contaminate may cause inaccurate times.
  • Supply counts are checked every 10 seconds.